 Dungeon Crawl Stone Soup version 0.20-a0-864-g92acfd1 (webtiles) character file.

86 nikopol the Firebug (level 4, -1/24 HPs)
             Began as a Deep Elf Fire Elementalist on Mar 12, 2017.
             Killed by divine providence
             ... invoked by an orc priest
              (12 damage)
             ... on level 3 of the Dungeon.
             The game lasted 00:06:50 (1684 turns).

nikopol the Firebug (Deep Elf Fire Elementalist)    Turns: 1684, Time: 00:06:51

Health: -1/24      AC:  2    Str:  5    XL:     4   Next: 27%
Magic:  5/11       EV: 13    Int: 21    God:
Gold:   69         SH:  0    Dex: 15    Spells: 4/10 levels left

rFire    . . .     SeeInvis .   r - +1 dagger (freeze)
rCold    . . .     Gourm    .   a - +0 robe
rNeg     . . .     Faith    .   (no shield)
rPois    .         Spirit   .   (no helmet)
rElec    .         Reflect  .   (no cloak)
rCorr    .         Harm     .   (no gloves)
MR       .....                  (no boots)
Stlth    ++........             (no amulet)
Regen    0.1/turn               (no ring)
MPRegen  0.2/turn               (no ring)

@: no status effects
A: no striking features
a: no special abilities


You were on level 3 of the Dungeon.
You were not hungry.

You visited 1 branch of the dungeon, and saw 3 of its levels.

You collected 69 gold pieces.

Inventory:

Hand Weapons
 e - a +0 dagger
 r - a +1 dagger of freezing (weapon)
Armour
 a - a +0 robe (worn)
Scrolls
 d - a scroll of remove curse {unknown}
 h - a scroll of teleportation {unknown}
 i - a scroll of recharging {unknown}
 k - a scroll of fear {unknown}
 l - 3 scrolls of identify {unknown}
 n - 2 scrolls of enchant armour {unknown}
 p - a scroll of random uselessness {unknown}
 u - a scroll of amnesia {unknown}
 w - 2 scrolls of magic mapping {unknown}
Potions
 f - a potion of degeneration {unknown}
 g - 3 potions of heal wounds {unknown}
 o - a potion of curing {unknown}
 q - 2 potions of magic {unknown}
 v - a potion of agility {unknown}
Books
 b - a book of Flames

   Spells                             Type                      Level
   a - Flame Tongue                   Conjuration/Fire             1
   b - Throw Flame                    Conjuration/Fire             2
   c - Conjure Flame                  Conjuration/Fire             3
   d - Inner Flame                    Hexes/Fire                   3
   e - Sticky Flame                   Conjuration/Fire             4
   f - Fireball                       Conjuration/Fire             5
Comestibles
 c - 3 bread rations
 j - a meat ration
 m - 4 fruits
 s - a royal jelly


   Skills:
 + Level 3.2 Dodging
 - Level 3.1 Stealth
 + Level 3.5 Spellcasting
 + Level 2.6 Conjurations
 + Level 4.0 Fire Magic


You had 4 spell levels left.
You knew the following spells:

 Your Spells              Type           Power        Failure   Level  Hunger
a - Flame Tongue          Conj/Fire      ###..        3%          1    None
b - Throw Flame           Conj/Fire      ###...       6%          2    ##.....
c - Conjure Flame         Conj/Fire      ###.....     12%         3    ###....


Dungeon Overview and Level Annotations

Branches:
Dungeon (3/15)

Altars:
Nemelex Xobeh


Message History

Aiming: Flame Tongue
Press: ? - help, Shift-Dir - straight line, f/p - orc priest
Aim: an orc priest, wielding a flail and wearing a ring mail (heavily wounded)
The flame tongue hits the orc priest.
The orc priest is almost dead.
Casting: Flame Tongue
Confirm with . or Enter, or press ? or * to list all spells.
Aiming: Flame Tongue
Press: ? - help, Shift-Dir - straight line, f/p - orc priest
Aim: an orc priest, wielding a flail and wearing a ring mail (almost dead)
The flame tongue hits the orc priest.
The orc priest is almost dead.
Casting: Flame Tongue
Confirm with . or Enter, or press ? or * to list all spells.
You don't have enough magic to cast that spell.
All of the chunks of flesh in your inventory have rotted away.
The orc priest invokes the aid of Beogh against you.
Beogh smites you!
Ouch! That really hurt!
You die...

#...o..............#
..##.###.###o##.##.##
.###.# #.###.#....... .#
#.# #..........## )#
#†#######..(....# .#
#.....#.........# .#
#..##.#.#.......# # .#
#..##.#.##.....##.#
..##..##.#.###..@....#
......##.#.####.#<####.#
..##....................#
.#######.............>..#
#########.######.# #.#
#.# #.# #.#


You could see an orc priest.

Vanquished Creatures
  4 adders
  A dart slug (D:1)
  A worm (D:3)
  An orc (D:3)
  A giant cockroach (D:1)
  5 goblins
  6 hobgoblins
  2 jackals (D:1)
  5 kobolds
  A quokka (D:2)
  A ball python (D:1)
  8 bats
  3 frilled lizards (D:2)
  7 rats
46 creatures vanquished.

Notes
Turn   | Place    | Note
-------+----------+-------------------------------------------
     0 | D:1      | nikopol the Deep Elf Fire Elementalist began the quest for the Orb.
     0 | D:1      | Reached XP level 1. HP: 10/10 MP: 6/6
   117 | D:1      | Reached XP level 2. HP: 15/15 MP: 5/8
   165 | D:1      | Learned a level 2 spell: Throw Flame
   866 | D:2      | Reached XP level 3. HP: 19/19 MP: 7/9
  1405 | D:2      | Found a sparkling altar of Nemelex Xobeh.
  1408 | D:2      | Reached XP level 4. HP: 23/24 MP: 7/11
  1511 | D:3      | Reached skill level 4 in Fire Magic
  1536 | D:3      | Found a sparkling altar of Nemelex Xobeh.
  1597 | D:3      | Learned a level 3 spell: Conjure Flame
  1684 | D:3      | Killed from afar by an orc priest

Vault maps used:
D:1:      minmay_arrival_four_houses, minmay_tromino_v4_c
D:2:      nemelex_xobeh_ov_fountains_minmay
D:3:      nicolae_overflow_hidden_temple, okawaru_metal_pillars_1_2,
          old_standard_altar, yredelemnul_altar_generic,
          nicolae_gozag_seed_capital

Skill      XL: |  1  2  3  4 |
---------------+-------------+-----
Stealth        | 3 |  3.1
Dodging        | 3 |  3.2
Conjurations   | 2 |  2.6
Fire Magic     | 4 |  4.0
Spellcasting   | |  3.5

Action                   |  1- 3 |  4- 6 || total
-------------------------+-------+-------++-------
 Cast: Flame Tongue      |    62 |    23 ||    85
       Throw Flame       |     1 |       ||     1
       Conjure Flame     |       |     1 ||     1
  Eat: Chunk             |     1 |     1 ||     2
Armor: Robe              |     3 |       ||     3
Dodge: Dodged            |    15 |       ||    15
